 Dungeon Crawl Stone Soup version 0.20-a0-733-gf92fd71 (webtiles) character file.

1201 Firecrotchwizard the Changer (level 8, -13/67 HPs)
             Began as a Centaur Transmuter on Feb 22, 2017.
             Was a Follower of Wu Jian.
             Mangled by Prince Ribbit (15 damage)
             ... on level 5 of the Dungeon.
             The game lasted 00:15:14 (5225 turns).

Firecrotchwizard the Changer (Centaur Transmuter)   Turns: 5225, Time: 00:15:14

Health: -13/67     AC: 10    Str: 14    XL:     8   Next: 21%
Magic:  10/10      EV:  1    Int: 13    God:    Wu Jian [*.....]
Gold:   372        SH:  0    Dex: 10    Spells: 7/10 levels left

rFire    . . .     SeeInvis +     - Unarmed
rCold    . . .     Gourm    .   v - +0 plate armour
rNeg     . . .     Faith    .   (no shield)
rPois    .         Spirit   .   s - +0 helmet (curse)
rElec    .         Reflect  .   (no cloak)
rCorr    .         Harm     .   i - +0 pair of gloves
MR       .....                  (no barding)
Stlth    ..........             (no amulet)
Regen    0.3/turn               k - ring of see invisible
MPRegen  0.2/turn               r - +5 ring of slaying

@: very quick
A: hooves 3, deformed body, speed 2, tough skin 3
a: Renounce Religion


You were on level 5 of the Dungeon.
You worshipped Wu Jian.
Wu Jian was aware of your devotion.
You were not hungry.

You visited 1 branch of the dungeon, and saw 5 of its levels.

You collected 372 gold pieces.

Inventory:

Missiles
 a - 78 arrows
 B - 6 tomahawks (quivered)
Armour
 b - a +0 robe
 i - a +0 pair of gloves (worn)
 s - a cursed +0 helmet (worn)
 v - a +0 plate armour (worn)
Jewellery
 f - an uncursed ring of magical power
 k - a ring of see invisible (right hand)
 n - an uncursed ring of resist corrosion
 r - a +5 ring of slaying (left hand)
Wands
 m - a wand of polymorph (10/24)
 p - a wand of paralysis (3/24)
 A - a wand of flame (24/48)
 E - a wand of flame (19/48)
Scrolls
 e - 3 scrolls of magic mapping {unknown}
 h - 5 scrolls of teleportation {unknown}
 j - a scroll of random uselessness {unknown}
 l - 9 scrolls of identify {unknown}
 q - 2 scrolls of enchant weapon {unknown}
 w - 5 scrolls of remove curse {unknown}
 y - a scroll of fear {unknown}
Potions
 g - 2 potions of lignification
 o - a potion of might
 t - a potion of magic {unknown}
 u - a potion of ambrosia {unknown}
 x - a potion of resistance {unknown}
 z - a potion of curing {unknown}
Books
 c - a book of Changes

   Spells                             Type                      Level
   a - Beastly Appendage              Transmutation                1
   b - Sticks to Snakes               Transmutation                2
   c - Spider Form                    Transmutation/Poison         3
   d - Ice Form                       Ice/Transmutation            4
   e - Blade Hands                    Transmutation                5
Comestibles
 d - 2 bread rations


   Skills:
 + Level 4.7 Fighting
 - Level 1.3 Dodging
 + Level 5.7 Unarmed Combat
 - Level 1.5 Spellcasting
 * Level 6.6 Transmutations


You had 7 spell levels left.
You knew the following spells:

 Your Spells              Type           Power        Failure   Level  Hunger
a - Beastly Appendage     Tmut           ###...       99%         1    ##.....
b - Sticks to Snakes      Tmut           ###.....     100%        2    ###....


Dungeon Overview and Level Annotations

Branches:
Dungeon (5/15)             Temple (0/1) D:4

Altars:
Ashenzari
Cheibriados
Fedhas
Hepliaklqana
Makhleb
Nemelex Xobeh
Okawaru
Wu Jian

Annotations:
D:4 Zazen's ghost, amateur DsMo
D:5 Prince Ribbit


Innate Abilities, Weirdness & Mutations

You have hooves in place of feet.
Armour fits poorly on your strangely shaped body.
You cover ground very quickly.
You have extremely tough skin. (AC +3)


Message History

Prince Ribbit blinks!
Prince Ribbit hits you!
* * * LOW HITPOINT WARNING * * *
Your plate armour prevents you from hitting Prince Ribbit.
Your kick misses Prince Ribbit.
Prince Ribbit is heavily wounded.
Prince Ribbit hits you.
* * * LOW HITPOINT WARNING * * *
You miss Prince Ribbit.
Prince Ribbit is heavily wounded.
Prince Ribbit hits you.
* * * LOW HITPOINT WARNING * * *
Prince Ribbit hits you.
* * * LOW HITPOINT WARNING * * *
You hit Prince Ribbit.
Prince Ribbit is heavily wounded.
Prince Ribbit blinks!
You spin to attack Prince Ribbit, but your attack speed is too slow for a blow to land.
Prince Ribbit hits you!
You die...

########## #........#
#.######.# # . ##########.#
#.# #.....####.......##>####
#.# #..##..................#
#.# #..#######.#.....##.##.#
#.# #.≈≈≈.#.....§..F.##.##.#
#.#
##≈≈≈≈≈..######@####.##.###.#
##_≈≈.≈≈..# #.# #........#
.##≈≈≈≈≈.## #.# #######.##
###.≈≈≈.## ##'## #.# # #.##.##
##...## #.# # #.##.# ##.....##
##.# # #.##.## ##...)...##
##..#
###.#...####.........####...##
...>.......'.........+.......#


You could see Prince Ribbit.

Vanquished Creatures
  Sigmund (D:3)
  Eustachio (D:5)
  Duvessa (D:5)
  2 phantoms
  Dowan (D:5)
  A scorpion (D:4)
  A howler monkey (D:5)
  A hound (D:4)
  2 orc priests
  An orc wizard (D:5)
  A bullfrog skeleton (D:4)
  Jessica (D:3)
  Ijyb (D:2)
  A worker ant (D:4)
  A killer bee zombie (D:5)
  Robin (D:2)
  5 adders
  3 gnolls (D:4)
  An ooze (D:2)
  An adder skeleton (D:4)
  A worm (D:2)
  2 dart slugs
  A leopard gecko (D:3)
  19 orcs
  A ball python (D:3)
  3 giant cockroaches
  14 goblins
  13 hobgoblins
  14 jackals
  13 kobolds
  A quokka (D:2)
  4 bats
  6 frilled lizards
  A leopard gecko skeleton (D:4)
  4 rats
125 creatures vanquished.

Notes
Turn   | Place    | Note
-------+----------+-------------------------------------------
     0 | D:1      | Firecrotchwizard the Centaur Transmuter began the quest for the Orb.
     0 | D:1      | Reached XP level 1. HP: 16/16 MP: 3/3
   148 | D:1      | Reached skill level 2 in Transmutations
   354 | D:1      | Found a shattered altar of Ashenzari.
   393 | D:1      | Reached XP level 2. HP: 21/23 MP: 4/4
   664 | D:2      | Noticed Ijyb
   674 | D:2      | Paralysed by Ijyb for 2 turns
   680 | D:2      | Paralysed by Ijyb for 6 turns
   689 | D:2      | Killed Ijyb
   689 | D:2      | Reached XP level 3. HP: 22/28 MP: 5/5
   753 | D:2      | Noticed Sigmund
   827 | D:2      | Learned a level 2 spell: Sticks to Snakes
  1491 | D:2      | Reached XP level 4. HP: 36/36 MP: 6/6
  1505 | D:2      | Reached skill level 3 in Transmutations
  1839 | D:2      | Noticed Robin
  1895 | D:2      | Killed Robin
  2434 | D:2      | Reached XP level 5. HP: 35/42 MP: 7/7
  2554 | D:3      | Found an iron altar of Okawaru.
  2613 | D:3      | Killed Sigmund
  2613 | D:3      | Reached skill level 4 in Transmutations
  2613 | D:3      | Reached XP level 6. HP: 13/51 MP: 8/8
  3291 | D:3      | Noticed Jessica
  3298 | D:3      | Killed Jessica
  3504 | D:4      | Found a burning altar of Makhleb.
  3529 | D:4      | Found a sparkling altar of Nemelex Xobeh.
  3529 | D:4      | Found an ornate altar of the Wu Jian Council.
  3536 | D:4      | Became a worshipper of the Wu Jian Council
  3586 | D:4      | Reached skill level 5 in Transmutations
  3717 | D:4      | Reached XP level 7. HP: 57/57 MP: 9/9
  3811 | D:4      | Reached skill level 5 in Unarmed Combat
  4018 | D:4      | Found a staircase to the Ecumenical Temple.
  4133 | D:4      | Reached * piety under Wu Jian
  4162 | D:4      | Noticed Zazen's ghost (amateur DsMo)
  4331 | D:5      | Entered Level 5 of the Dungeon
  4449 | D:5      | Noticed Dowan
  4451 | D:5      | Noticed Duvessa
  4466 | D:5      | Killed Duvessa
  4468 | D:5      | Killed Dowan
  4667 | D:5      | Reached skill level 6 in Transmutations
  4681 | D:5      | Found a hazy altar of Hepliaklqana.
  4848 | D:5      | Noticed Eustachio
  4872 | D:5      | Killed Eustachio
  4872 | D:5      | Reached XP level 8. HP: 57/67 MP: 10/10
  5028 | D:5      | Found a blossoming altar of Fedhas.
  5081 | D:5      | Found a snail-covered altar of Cheibriados.
  5200 | D:5      | Noticed Prince Ribbit
  5222 | D:5      | HP: 2/67 [Prince Ribbit (5)]
  5225 | D:5      | Mangled by Prince Ribbit

Vault maps used:
D:1:      roderic_chinese_lattice_arrival, ashenzari_altar_1
D:2:      kennysheep_goblin_castle, first_bread, minmay_heptomino_l4,
          uniq_sigmund, uniq_robin, uniq_iyjb
D:3:      kennysheep_okawaru_gauntlet, grunt_ministairs_7, uniq_jessica
D:4:      gammafunk_temple_overflow_pools, lemuel_crystal_altar,
          minmay_temple_entry_fiery, serial_glass, glass_columns_b,
          glass_columns_c, glass_columns_a, glass_columns_a, glass_columns_c,
          glass_columns_b, glass_columns_b, glass_columns_c, due_unseen_surprise
D:5:      lemuel_doored_altar, lemuel_round_altar, kennysheep_slug_shrine,
          uniq_prince_ribbit1, uniq_menkaure, uniq_duvessa, uniq_eustachio

Skill      XL: |  1  2  3  4  5  6  7 |
---------------+----------------------+-----
Transmutations | 2 3 4 5 6 |  6.6
Fighting       | 2 3 4 |  4.7
Unarmed Combat | 4 5 |  5.7
Dodging        | |  1.3
Spellcasting   | |  1.5

Action                   |  1- 3 |  4- 6 |  7- 9 || total
-------------------------+-------+-------+-------++-------
Melee: Unarmed           |    83 |   189 |   140 ||   412
       Kick              |    12 |    37 |    27 ||    76
       Punch             |     1 |     1 |     1 ||     3
  Use: Potion            |       |     3 |     1 ||     4
  Eat: Chunk             |     1 |     2 |     2 ||     5
       Meat ration       |       |     1 |       ||     1
       Bread ration      |       |       |     1 ||     1
Armor: Robe              |    33 |    13 |       ||    46
       Plate armour      |       |    97 |    91 ||   188
       Skin              |       |     1 |       ||     1
Dodge: Dodged            |    31 |    31 |     9 ||    71
